 Dungeon Crawl Stone Soup version 0.31-a0-426-g3a05650e59 (webtiles) character file.

Game seed: 625248400275830178

227 lindul the Chopper (level 5, -5/45 HPs)
             Began as a Minotaur Berserker on July 30, 2023.
             Was a Believer of Trog.
             Splashed by a jelly's acid (8 damage)
             ... on level 2 of the Dungeon.
             The game lasted 00:05:12 (1439 turns).

lindul the Chopper (Minotaur Berserker)             Turns: 1439, Time: 00:05:16

Health: -5/45      AC: -1    Str: 24    XL:     5   Next: 70%
Magic:  4/4        EV: 10    Int:  4    God:    Trog [**....]
Gold:   32         SH:  0    Dex:  9    Spells: 4/4 levels left

rFire   . . .        a - +0 hand axe
rCold   . . .        (no shield)
rNeg    . . .        d - +0 scale mail
rPois   .            (helmet restricted)
rElec   .            (no cloak)
rCorr   .            (no gloves)
SInv    .            (no boots)
Will    .....        (no amulet) Stlth
                     (no ring)
HPRegen 0.27/turn    (no ring)
MPRegen 0.09/turn

%: no passive effects
@: corroded
A: horns 2, retaliatory headbutt
a: Renounce Religion, Berserk, Trog's Hand


You were on level 2 of the Dungeon.
You worshipped Trog.
Trog was pleased with you.
You visited 1 branch of the dungeon, and saw 2 of its levels.

You collected 32 gold pieces.

Inventory:

Hand Weapons
 a - a +0 hand axe (weapon)
Armour
 d - a +0 scale mail (worn)
 e - a +0 pair of gloves
Jewellery
 c - an amulet of guardian spirit
Scrolls
 g - a scroll of immolation {unknown}
Potions
 f - a potion of mutation {unknown}


   Skills:
 - Level 3.6 Fighting
 + Level 7.8 Axes
 - Level 2.4 Armour
 - Level 2.1 Dodging


You had 4 spell levels left.
You didn't know any spells.
Your spell library was empty.

Dungeon Overview and Level Annotations

Branches:
Dungeon (2/15)

Altars:

Shops:
D:1 :


Innate Abilities, Weirdness & Mutations

You have a pair of horns on your head.
You reflexively headbutt those who attack you in melee.


Message History

A goblin comes into view. It is wielding a +0 club.
The goblin shouts!
An adder comes into view.
There are monsters nearby!
The adder hisses angrily.
A jelly comes into view.
The jelly quivers.
The goblin hits you but does no damage. The adder bites you but does no damage.
You slash the goblin!
You kill the goblin!
Trog accepts your kill.
You hit the adder. The adder bites you but does no damage.
The adder barely misses you. You furiously retaliate!
You headbutt the adder, but do no damage.
You see here a +0 club.
The adder barely misses you. The adder barely misses you.
You furiously retaliate!
You headbutt the adder!
You kill the adder!
Trog accepts your kill. The jelly hits you but does no damage.
The jelly misses you.
You hit the jelly but do no damage.
Your hands burn!
The jelly closely misses you.
You hit the jelly.
Your hands burn!
The jelly is lightly wounded.
The jelly hits you. The acid corrodes you!
You are splashed with acid!
You slash the jelly!
Your hands burn!
The jelly is severely wounded.
The jelly hits you.
You are splashed with acid!
You hit the jelly but do no damage. The acid corrodes you!
Your hands burn!
The jelly is severely wounded.
The jelly hits you.
You are splashed with acid.
* * * LOW HITPOINT WARNING * * *
You hit the jelly. The acid corrodes you!
Your hands burn!
* * * LOW HITPOINT WARNING * * *
The jelly is almost dead.
The jelly hits you.
* * * LOW HITPOINT WARNING * * *
You are splashed with acid!
You die...

......<## ........####
... >÷..÷÷........... .
.........#...##.# ..
.........##..##.# ...
.........##..##.# ...
.........# #....# .. ..
.........####...##.#....
...........###..@.......
.........#....).J.......
......)..#####..........
......).†# ##.###....#
..#####.## #... ....#
#... ...# #..#. ####
#.####... ...# # ##...
#.#. ..... #...#


You could see a jelly.

Vanquished Creatures
  Sigmund (D:2)
  2 adders (D:2)
  A dart slug (D:1)
  5 ball pythons
  4 bats
  4 endoplasms
  A giant cockroach (D:1)
  3 hobgoblins
  4 jackals (D:2)
  4 kobolds
  2 quokkas (D:1)
  3 frilled lizards (D:2)
  5 goblins
  4 rats (D:1)
43 creatures vanquished.

Notes
Turn   | Place    | Note
-------+----------+-------------------------------------------
     0 | D:1      | lindul the Minotaur Berserker began the quest for the Orb.
     0 | D:1      | Reached XP level 1. HP: 19/19 MP: 0/0
    83 | D:1      | Reached skill level 4 in Axes
   103 | D:1      | Found Ususav's Book Emporium.
   189 | D:1      | Reached XP level 2. HP: 25/26 MP: 1/1
   779 | D:1      | Reached skill level 5 in Axes
  1180 | D:2      | Reached ** piety under Trog
  1181 | D:2      | Reached XP level 3. HP: 28/31 MP: 2/2
  1298 | D:2      | Noticed Sigmund
  1335 | D:2      | Killed Sigmund
  1336 | D:2      | Reached skill level 7 in Axes
  1336 | D:2      | Reached XP level 4. HP: 17/39 MP: 3/3
  1336 | D:2      | Reached XP level 5. HP: 19/45 MP: 4/4
  1439 | D:2      | Splashed by a jelly's acid

Illustrated notes

Levels and vault maps discovered:
D:1:      elethiomel_arrival_maze, layout_loops_corners, serial_shops, shop
D:2:      layout_rooms, chequers_serial_rivers_room_b, uniq_terence,
          uniq_sigmund

Skill      XL: |  1  2  3 |
---------------+----------+-----
Axes           | 4 5 7 |  7.8
Fighting       | |  3.6
Armour         | |  2.4
Dodging        | |  2.1

Action                     |  1- 3 |  4- 6 || total
---------------------------+-------+-------++-------
  Melee: Hand axe          |    72 |     6 ||    78
         Headbutt          |     6 |       ||     6
 Invoke: Berserk           |     1 |       ||     1
    Use: Scroll            |     3 |       ||     3
         Potion            |     1 |       ||     1
 Armour: Animal skin       |     5 |       ||     5
         Scale mail        |    40 |     4 ||    44
  Dodge: Dodged            |    49 |     5 ||    54

Table legend: (Time is in decaauts)
 A = Elapsed time spent in this place.
 B = Non-inter-level travel time spent in this place.
 C = Inter-level travel time spent in this place.
 D = Time resting spent in this place.
 E = Time spent auto-exploring this place.
 F = Levels seen in this place.
 G = Mean time per level.
                   A        B        C        D        E       F      G
               +--------+--------+--------+--------+--------+-----+--------+
         Total |   1447 |   1424 |     23 |    228 |    796 |   2 |  723.5 |
       Dungeon |   1447 |   1424 |     23 |    228 |    796 |   2 |  723.5 |
               +--------+--------+--------+--------+--------+-----+--------+

Top non-repeatable levels by time:
     D:1: 1175 daAuts
     D:2: 272 daAuts
